 Dungeon Crawl Stone Soup version 0.31-a0-239-g0a1456f148 (webtiles) character file.

Game seed: 15189914737393579443

171 qw the Shooter (level 5, -4/30 HPs)
             Began as a Gargoyle Hexslinger on July 11, 2023.
             Constricted to death by Pikel (8 damage)
             ... on level 4 of the Dungeon.
             The game lasted 00:01:09 (2741 turns).

qw the Shooter (Gargoyle Hexslinger)                Turns: 2741, Time: 00:01:10

Health: -4/30      AC: 11    Str: 11    XL:     5   Next: 51%
Magic:  6/6        EV:  7    Int: 14    God:
Gold:   168        SH:  0    Dex: 14    Spells: 5/6 levels left

rFire   . . .        Y - +5 sling
rCold   + . .        (no shield)
rNeg    + + .        b - +0 ring mail
rPois   inf          e - +1 helmet
rElec   +            (no cloak)
rCorr   +            (no gloves)
SInv    .            (no boots)
Will    ++...        (no amulet)
Stlth   +            f - ring of resist corrosion
HPRegen 0.25/turn    g - ring of Acoxitoi {rC+ rN+ Will++}
MPRegen 0.10/turn

%: no passive effects
@: grasped by roots, constricted
A: sickness immunity, AC +4, negative energy resistance 1, electricity
resistance, torment resistance 1, petrification resistance
a: no special abilities


You were on level 4 of the Dungeon.
You visited 1 branch of the dungeon, and saw 4 of its levels.

You collected 168 gold pieces.


Innate Abilities, Weirdness & Mutations

You are immune to sickness and miasma.
Your stone body is resilient. (AC +4)
You are immune to poison.
You resist negative energy. (rN+)
You are resistant to electric shocks. (rElec)
You are resistant to unholy torment.
You are immune to petrification.


   Skills:
 + Level 2.2 Fighting
 - Level 5.1 Ranged Weapons
 - Level 1.0 Armour
 - Level 1.5 Dodging
 - Level 1.0 Spellcasting
 - Level 2.6 Hexes


You had 5 spell levels left.
You knew the following spells:

 Your Spells              Type           Power      Damage    Failure   Level
a - Slow                  Hex            32%        N/A       21%         1

Your spell library contained the following spells:

 Spells                   Type           Power      Damage    Failure   Level
 Inner Flame              Hex/Fire       4%         N/A       71%         3
 Portal Projectile        Hex/Tloc       8%         N/A       71%         3
 Cause Fear               Hex            4%         N/A       90%         4

Inventory:

Hand Weapons
 Y - a +5 sling (weapon)
Armour
 b - a +0 ring mail (worn)
 d - a scarf of resistance
 e - a +1 helmet (worn)
 i - a +0 cloak
Jewellery
 f - a ring of resist corrosion (left hand)
 g - the ring of Acoxitoi (right hand) {rC+ rN+ Will++}
   (You found it on level 2 of the Dungeon)

   [ring of protection from cold]

   rC:        It protects you from cold.
   rN:        It protects you from negative energy.
   Will:      It greatly increases your willpower.
Scrolls
 h - a scroll of teleportation {unknown}
Potions
 a - a potion of berserk rage {unknown}
 c - a potion of enlightenment {unknown}
 j - 2 potions of curing {unknown}

Dungeon Overview and Level Annotations

Branches:
Dungeon (4/15)
 Temple: D:4-7

Altars:
Cheibriados
Wu Jian

Annotations:
D:4 Pikel


Message History

The sling bullet hits Pikel but does no damage.
You shoot a sling bullet. The sling bullet hits Pikel.
Pikel is lightly wounded.
You shoot a sling bullet. The sling bullet hits Pikel.
Pikel is moderately wounded.
Pikel zaps a wand.
The roots erupt in riotous growth!
The grasping roots grab you!
Pikel is unaffected.
The grasping roots constrict you.
Pikel hits you with a +2 whip of freezing.
The grasping roots constrict you!
You shoot a sling bullet.
The sling bullet completely misses Pikel.
The sling bullet closely misses the lemure.
The sling bullet hits the lemure!
The lemure is moderately wounded.
Pikel barely misses you. The grasping roots constrict you.
The grasping roots release their grip on you.
You shoot a sling bullet. The sling bullet closely misses Pikel.
The sling bullet barely misses the lemure.
The sling bullet hits the lemure.
The lemure is heavily wounded.
Pikel hits you with a +2 whip of freezing.
You shoot a sling bullet. The sling bullet hits Pikel.
Pikel is moderately wounded.
Pikel hits you with a +2 whip of freezing.
Pikel freezes you.
You shoot a sling bullet. The sling bullet hits Pikel.
Pikel is heavily wounded.
Pikel hits you but does no damage.
Pikel hits you with a +2 whip of freezing.
You shoot a sling bullet. The sling bullet misses Pikel.
The sling bullet hits the lemure but does no damage.
The lemure is heavily wounded.
Pikel closely misses you.
You shoot a sling bullet. The sling bullet hits Pikel!
Pikel is severely wounded.
Pikel zaps a wand.
The roots erupt in riotous growth!
The grasping roots grab you!
Pikel is unaffected.
The grasping roots constrict you!
You die...

.###5########
...l55K@....#
...#5######.#
#.# #.# #.#
#.# #.# #.# #
##.#


You could see Pikel, 4 lemures and an iguana.

Vanquished Creatures
  An orc priest (D:4)
  Robin (D:3)
  3 adders
  A dart slug (D:1)
  5 orcs
  7 ball pythons
  5 endoplasms
  4 giant cockroaches
  13 goblins
  8 hobgoblins
  10 jackals
  10 kobolds
  3 quokkas
  5 bats
  4 frilled lizards
  6 rats
86 creatures vanquished.

Notes
Turn   | Place    | Note
-------+----------+-------------------------------------------
     0 | D:1      | qw the Gargoyle Hexslinger began the quest for the Orb.
     0 | D:1      | Reached XP level 1. HP: 12/12 MP: 2/2
     0 | D:1      | 0 ||| qw: Version: 0.3-a-52-g30416fa
     0 | D:1      | 0 ||| qw: Game counter: 5960
     0 | D:1      | 0 ||| qw: Melee chars always use a shield: true
     0 | D:1      | 0 ||| qw: God list: Okawaru
     0 | D:1      | 0 ||| qw: Allow faded altars: false
     0 | D:1      | 0 ||| qw: Do Orc after clearing Dungeon:15 true
     0 | D:1      | 0 ||| qw: Do second Lair branch before Depths: true
     0 | D:1      | 0 ||| qw: Lair rune preference: random
     0 | D:1      | 0 ||| qw: Goals: Normal
     0 | D:1      | 0 ||| PLANNING D:1-11
    28 | D:1      | 28 ||| READING 3 scrolls labelled DEDAITYXASM.
    31 | D:1      | 31 ||| DROPPING 2 scrolls of vulnerability.
    41 | D:1      | 41 ||| DROPPING scroll of poison.
    83 | D:1      | 83 ||| UPGRADING to +0 leather armour.
    93 | D:1      | 93 ||| DROPPING +0 robe.
   207 | D:1      | Reached XP level 2. HP: 16/16 MP: 3/3
   258 | D:1      | Reached skill level 3 in Ranged Weapons
   517 | D:1      | Reached XP level 3. HP: 21/21 MP: 4/4
   530 | D:1      | 530 ||| UPGRADING to +0 ring mail.
   540 | D:1      | 540 ||| DROPPING +0 leather armour.
   563 | D:1      | 563 ||| READING scroll labelled FIM PEOXIUMOJI.
  1069 | D:2      | 1069 ||| READING 3 scrolls of enchant weapon.
  1069 | D:2      | 1069 ||| ENCHANTING +2 sling.
  1070 | D:2      | 1070 ||| READING 2 scrolls of enchant weapon.
  1070 | D:2      | 1070 ||| ENCHANTING +3 sling.
  1071 | D:2      | 1071 ||| READING scroll of enchant weapon.
  1071 | D:2      | 1071 ||| ENCHANTING +4 sling.
  1405 | D:2      | Reached XP level 4. HP: 26/26 MP: 5/5
  1529 | D:2      | Identified the ring of Acoxitoi {rC+ rN+ Will++}
  1604 | D:2      | 1604 ||| UPGRADING to ring of resist corrosion.
  1605 | D:2      | 1605 ||| UPGRADING to ring of Acoxitoi {rC+ rN+ Will++}.
  1606 | D:2      | 1606 ||| READING scroll labelled LOUMIATUFA.
  1607 | D:2      | 1607 ||| READING scroll labelled MOZUKLUCREY.
  1706 | D:3      | Reached skill level 4 in Ranged Weapons
  1856 | D:3      | Found an ornate altar of the Wu Jian Council.
  1909 | D:3      | Reached skill level 1 in Armour
  2035 | D:3      | Noticed Robin
  2060 | D:3      | Killed Robin
  2083 | D:3      | Found a snail-covered altar of Cheibriados.
  2355 | D:3      | 2355 ||| UPGRADING to +0 helmet.
  2360 | D:3      | 2360 ||| READING scroll labelled GANGYO VIOPTIO.
  2484 | D:4      | Reached XP level 5. HP: 29/30 MP: 6/6
  2614 | D:4      | Reached skill level 5 in Ranged Weapons
  2632 | D:4      | 2632 ||| READING scroll of enchant armour.
  2632 | D:4      | 2632 ||| ENCHANTING +0 helmet.
  2722 | D:4      | Noticed a lemure
  2722 | D:4      | Noticed a lemure
  2724 | D:4      | Noticed Pikel
  2725 | D:4      | Noticed a lemure
  2726 | D:4      | Noticed a lemure
  2738 | D:4      | HP: 7/30 [Pikel/+2 whip of freezing (4)]
  2739 | D:4      | HP: 3/30 [Pikel/+2 whip of freezing (3)]
  2741 | D:4      | Constricted to death by Pikel

Levels and vault maps discovered:
D:1:      zelgadis_glass_arrival_large, layout_rooms, serial_co_window_serial,
          co_window_of_opportunity_a, co_window_paths_a,
          co_window_of_opportunity_a, co_window_paths_a, co_window_paths_a,
          co_window_broadway_a, co_window_of_opportunity_c, co_window_2corner,
          co_window_cross_2, co_window_paths_d, glass_columns_b,
          glass_columns_a, st_stairs_3
D:2:      layout_loops_ring, nrook_loot_triangle, kennysheep_flooded_box,
          corexii_shack
D:3:      layout_basic, nzn_wu_jian_contemplation, cheibriados_altar_1,
          uniq_robin
D:4:      layout_loops_corners, serial_shops, shop, uniq_pikel

Skill      XL: |  1  2  3  4  5 |
---------------+----------------+-----
Ranged Weapons | 3 4 5 |  5.1
Fighting       | 2 |  2.2
Armour         | 1 |  1.0
Dodging        | |  1.5
Spellcasting   | |  1.0
Hexes          | |  2.6

Action                     |  1- 3 |  4- 6 || total
---------------------------+-------+-------++-------
   Fire: Sling             |   131 |   129 ||   260
    Use: Scroll            |     5 |     4 ||     9
 Armour: Robe              |     1 |       ||     1
         Leather armour    |    15 |       ||    15
         Ring mail         |    23 |    29 ||    52
  Dodge: Dodged            |    39 |    48 ||    87

Table legend:
 A = Non-vault XP
 B = Vault XP
 C = Vault XP percentage of total XP
 D = Non-vault monster count
 E = Vault monster count
 F = Vault count percentage of total count
                 A         B        C        D         E       F
            +---------+---------+-------+---------+---------+-------
      Total |     206 |      39 |  15.9 |      71 |      15 |  17.4
            +---------+---------+-------+---------+---------+-------
        D:1 |      54 |       4 |   6.9 |      30 |       3 |   9.1
        D:2 |      29 |       2 |   6.5 |      11 |       1 |   8.3
        D:3 |      38 |      33 |  46.5 |      21 |      11 |  34.4
        D:4 |      85 |       0 |   0.0 |       9 |       0 |   0.0
            +---------+---------+-------+---------+---------+-------
